Map: Whirlwind LE (Void)

Players

ByuL - Winner!

  • Race: Zerg Zerg
  • Spawn Location: 1:00

JJAKJI

  • Race: Terran Terran
  • Spawn Location: 11:00

Event: IEM Season 11 - Gyeonggi

VOD

Have the link to the VOD?

Description

Time

  • Played on: Dec. 14, 2016, 4:30 a.m.
  • Length: 12:07

All games in this series

Show
View Real Time Build Order
Export as new Build Order

ByuL Zerg - Winner!

Build Orders: Pool First, Muta Ling Bane 

Get SALT Encoding   

  12  0:00  Drone  
  13  0:08  Drone  
  14  0:17  Overlord  
  14  0:22  Extractor  
  14  0:23  Drone  
  15  0:36  Drone x2  
  17  0:44  Spawning Pool  
  17  0:48  Drone  
  17  1:08  Hatchery  
  17  1:11  Drone  
  17  1:14  Drone  
  17  1:17  Drone  
  19  1:25  Extractor  
  18  1:30  Queen  
  18  1:31  Zergling x2  
  21  1:37  Drone  
  22  1:47  Overlord  
  22  2:07  Drone  
  22  2:08  Hatchery  
  22  2:15  Queen  
  24  2:18  Drone  
  24  2:22  Drone  
  26  2:26  Drone  
  27  2:32  Metabolic Boost  
  27  2:34  Drone  
  28  2:38  Drone  
  28  2:41  Drone  
  30  2:44  Drone  
  30  2:48  Drone  
  30  2:49  Drone  
  32  2:52  Drone  
  32  2:56  Overlord  
  33  3:03  Queen  
  36  3:12  Drone  
  36  3:15  Drone x2  
  36  3:16  Zergling x2  
  36  3:19  Zergling x2  
  40  3:20  Queen  
  40  3:23  Drone  
  40  3:25  Drone  
  44  3:27  Overlord  
  44  3:30  Drone x2  
  46  3:34  Evolution Chamber  
  46  3:39  Drone  
  46  3:42  Overlord  
  46  3:43  Drone x2  
  48  3:49  Overlord  
  48  3:51  Drone  
  48  3:53  Drone  
  50  3:58  Overlord x2  
  50  4:03  Drone x3  
  50  4:06  Zerg Ground Armor Level 1  
  53  4:11  Drone  
  53  4:12  Queen  
  53  4:15  Drone, Extractor  
  56  4:20  Drone x4  
  56  4:22  Drone  
  61  4:27  Queen  
  61  4:30  Drone x3  
  64  4:40  Baneling Nest, Zergling x10  
  64  4:43  Zergling x4  
  64  4:45  Zergling x4  
  72  4:49  Zergling x2  
  72  4:50  Zergling x6  
  76  4:56  Queen  
  76  4:59  Overlord x2  
  78  5:05  Lair  
  78  5:06  Overlord  
  78  5:17  Overlord  
  78  5:19  Drone x2  
  78  5:20  Hatchery  
  78  5:21  Drone x2  
  81  5:22  Zergling x6  
  81  5:27  Drone  
  81  5:28  Drone x3  
  88  5:29  Zergling x4  
  88  5:33  Drone  
  91  5:36  Drone x3, Extractor x2  
  91  5:41  Drone x2  
  94  5:43  Drone  
  94  5:45  Overlord  
  94  5:46  Evolution Chamber  
  94  5:52  Baneling  
  94  5:53  Baneling x3  
  94  5:54  Drone  
  94  5:55  Drone  
  94  5:56  Spore Crawler x2  
  94  5:59  Zergling x4  
  94  6:00  Zergling x4  
  94  6:02  Overlord  
  94  6:03  Zerg Melee Weapons Level 1  
  97  6:05  Centrifical Hooks  
  91  6:20  Drone x4  
  91  6:21  Drone x6  
  91  6:22  Zerg Ground Armor Level 2, Extractor  
  91  6:23  Extractor  
  99  6:33  Drone  
  99  6:36  Zergling x2  
  99  6:37  Zergling x10  
  106  6:43  Hatchery  
  105  6:48  Zergling x6  
  105  6:50  Drone  
  105  6:51  Spire  
  108  6:55  Baneling x2  
  108  6:56  Zergling x2  
  108  6:59  Spore Crawler  
  108  7:00  Spore Crawler, Zergling x16  
  114  7:07  Zergling x4  
  116  7:10  Zergling x4  
  116  7:11  Baneling x2  
  118  7:24  Zergling x4  
  118  7:27  Overlord  
  118  7:28  Overlord  
  119  7:33  Baneling x3  
  119  7:34  Baneling  
  118  7:37  Drone  
  118  7:41  Overlord  
  118  7:43  Overlord  
  118  7:44  Overlord  
  118  7:50  Drone x6  
  124  7:55  Baneling  
  124  7:56  Baneling x6  
  124  7:57  Zergling x16  
  132  7:59  Drone  
  132  8:03  Zerg Flyer Weapons Level 1  
  132  8:04  Zergling x12  
  132  8:05  Baneling  
  139  8:06  Baneling x4, Zergling x2  
  139  8:09  Zergling x2  
  141  8:13  Drone x2  
  139  8:21  Zergling x2  
  139  8:22  Zergling x10  
  145  8:29  Zergling x2  
  145  8:30  Zergling x6  
  147  8:36  Drone x2, Spore Crawler  
  147  8:37  Baneling x4  
  147  8:38  Baneling  
  147  8:39  Baneling  
  147  8:40  Baneling x4  
  146  8:43  Drone x3  
  146  8:44  Drone x2, Extractor  
  146  8:45  Extractor  
  149  8:49  Spore Crawler, Overlord  
  149  8:50  Baneling  
  149  8:51  Baneling x5, Overlord x2  
  148  8:59  Queen  
  141  9:05  Mutalisk  
  141  9:06  Mutalisk x10  
  155  9:10  Zergling x2  
  155  9:14  Drone x2, Mutalisk  
  155  9:17  Mutalisk x3  
  158  9:24  Baneling, Overseer  
  164  9:26  Zergling x8  
  164  9:29  Baneling x8  
  168  9:34  Mutalisk  
  170  9:39  Hatchery  
  170  9:40  Zergling x14  
  170  9:45  Baneling x5  
  175  9:48  Mutalisk  
  175  9:49  Infestation Pit  
  175  9:57  Zergling x2  
  175  9:58  Mutalisk, Zergling x24  
  175  9:59  Mutalisk  
  173  10:02  Zergling x2  
  173  10:10  Mutalisk x2  
  173  10:13  Zergling x4  
  176  10:18  Zergling x6  
  176  10:19  Zergling x6  
  177  10:32  Baneling x2  
  177  10:33  Baneling x2  
  177  10:36  Zergling x10  
  172  10:42  Zergling x2  
  172  10:43  Zergling x8  
  172  10:45  Zergling x2  
  166  10:50  Baneling x8  
  166  10:51  Mutalisk  
  158  10:58  Mutalisk x4  
  158  11:00  Zergling x6  
  158  11:03  Baneling x6  
  158  11:04  Baneling x8  
  160  11:10  Zergling x6  
  159  11:12  Baneling  
  159  11:13  Baneling x5  
  159  11:15  Zergling x2  
  159  11:16  Zergling x4  
  155  11:25  Mutalisk x2  
  149  11:27  Zergling x2  
  149  11:28  Zergling x16  
  159  11:35  Drone x2  
  159  11:36  Drone  
Show
View Real Time Build Order
Export as new Build Order

JJAKJI Terran 

Build Orders: Reaper Expand, MMM Bio 

Get SALT Encoding   

  12  0:00  SCV  
  13  0:12  SCV  
  14  0:17  Supply Depot  
  14  0:24  SCV  
  15  0:38  SCV  
  15  0:41  Barracks  
  16  0:42  Refinery  
  16  0:50  SCV  
  17  1:02  SCV  
  18  1:15  SCV  
  19  1:28  Orbital Command, Reaper  
  20  1:39  Command Center  
  20  1:50  Barracks  
  20  1:54  SCV  
  21  2:01  Barracks Reactor  
  21  2:06  Supply Depot  
  21  2:07  SCV  
  22  2:13  Refinery  
  22  2:19  SCV  
  23  2:32  SCV, Factory  
  24  2:37  Barracks Tech Lab, Marine x2  
  24  2:44  SCV  
  27  2:55  Marine x2  
  27  2:56  SCV, Stimpack  
  30  2:58  Marine  
  31  3:09  SCV  
  31  3:11  Orbital Command  
  32  3:18  Starport  
  32  3:21  Factory Reactor  
  32  3:23  SCV  
  32  3:25  Marine  
  34  3:27  Marine  
  34  3:30  Marine  
  36  3:35  SCV  
  36  3:36  SCV  
  36  3:40  Supply Depot  
  38  3:47  SCV  
  39  3:48  SCV  
  39  3:49  Marine x2  
  39  3:50  Marine  
  43  3:56  Supply Depot  
  43  3:59  SCV  
  43  4:00  SCV  
  43  4:02  Medivac  
  46  4:05  Medivac  
  46  4:09  Marine x3  
  51  4:13  SCV x2  
  51  4:16  Supply Depot  
  53  4:20  Supply Depot  
  53  4:25  SCV x2  
  53  4:28  Marine x2  
  53  4:29  Marine  
  58  4:46  Bunker  
  58  4:48  SCV  
  58  4:49  Marine  
  58  4:50  Command Center  
  58  4:51  Marine  
  58  4:52  Marine  
  62  4:57  Combat Shields  
  62  5:03  SCV x2  
  62  5:05  Engineering Bay x2  
  62  5:06  Medivac  
  66  5:10  Marine  
  66  5:11  Marine  
  66  5:12  Marine  
  69  5:15  SCV  
  69  5:16  SCV  
  71  5:23  Supply Depot  
  71  5:28  SCV  
  72  5:29  Marine x2, SCV  
  72  5:30  Marine, Terran Infantry Weapons Level 1  
  72  5:34  Terran Infantry Armor Level 1  
  76  5:40  SCV  
  76  5:41  SCV  
  78  5:42  Barracks  
  78  5:48  Factory Reactor  
  78  5:50  Barracks  
  78  5:52  Barracks, SCV  
  78  5:54  SCV  
  78  5:55  Supply Depot  
  78  5:56  Marine x3  
  83  6:01  Refinery x2  
  83  6:04  Orbital Command  
  83  6:07  SCV  
  83  6:08  SCV  
  85  6:14  Marine x3  
  65  6:19  Medivac  
  65  6:21  SCV  
  65  6:23  SCV  
  69  6:26  Widow Mine x2  
  69  6:30  Barracks Reactor  
  69  6:31  Orbital Command  
  69  6:32  Marine x3  
  77  6:33  SCV  
  77  6:35  Missile Turret  
  77  6:39  Barracks Reactor  
  77  6:41  Barracks Reactor  
  77  6:44  SCV  
  77  6:45  SCV  
  79  6:49  Marine  
  79  6:50  Marine x2  
  79  6:53  Medivac x2  
  86  6:54  Widow Mine  
  86  6:55  Widow Mine  
  86  6:58  SCV x2  
  86  6:59  SCV  
  93  7:07  Marine x2  
  93  7:08  Marine  
  96  7:09  Armory  
  96  7:11  Marine  
  96  7:12  Marine  
  96  7:14  SCV x2  
  96  7:15  SCV  
  101  7:20  Marine x3, Supply Depot x2  
  101  7:21  Marine  
  105  7:23  Widow Mine  
  105  7:24  Widow Mine  
  105  7:26  Marine  
  109  7:37  Marine x2  
  109  7:41  Marine x4, Medivac x2  
  109  7:42  Marine  
  118  7:49  Supply Depot  
  118  7:50  Supply Depot  
  118  7:52  SCV x3  
  118  7:53  Barracks x2  
  118  7:54  Barracks  
  118  7:55  Supply Depot  
  121  8:00  Terran Infantry Weapons Level 2, Terran Infantry Armor Level 2  
  121  8:04  Marine  
  121  8:05  Marine  
  123  8:07  Marine x2  
  123  8:10  Marine x5  
  123  8:12  Widow Mine x2  
  130  8:13  Medivac  
  135  8:21  Medivac  
  135  8:22  Marine  
  135  8:23  Marine  
  135  8:25  Marine x2  
  140  8:28  Marine x5  
  140  8:32  Supply Depot x2  
  140  8:33  Refinery, SCV, Supply Depot  
  140  8:34  SCV  
  146  8:40  Marine  
  146  8:41  Widow Mine  
  146  8:46  Supply Depot x3  
  148  8:50  Marine  
  148  8:53  Marine x6, Widow Mine  
  148  8:54  Marauder  
  159  9:00  Marine  
  151  9:09  Widow Mine  
  144  9:11  Barracks Tech Lab x2, Barracks Reactor  
  144  9:13  SCV x3  
  144  9:15  Marauder  
  134  9:20  Marine  
  134  9:21  Marine x5  
  134  9:22  Widow Mine  
  142  9:33  Medivac x2  
  142  9:36  Marauder  
  142  9:38  Marauder, Widow Mine  
  150  9:39  Marauder  
  150  9:40  Marine x2  
  150  9:42  Marine x2  
  150  9:44  Marine  
  150  9:45  Marine  
  160  9:46  Liberator x2  
  160  9:50  Widow Mine  
  162  9:58  Marauder  
  135  10:04  Marine x6, Marauder  
  135  10:05  Marauder, Marine  
  147  10:11  Marine  
  139  10:14  Marine x2  
  139  10:19  Marauder  
  137  10:22  Marine x4  
  141  10:30  Missile Turret  
  141  10:32  Marine  
  141  10:33  Marine x2  
  144  10:36  Marine x2  
  144  10:37  Marine  
  134  10:44  Marine x2  
  134  10:48  Marine  
  122  10:50  Marine  
  122  10:51  Marine x3  
  122  10:52  Marine x3  
  122  10:54  Marine  
  122  10:56  Marine  
  121  11:01  Marine  
  121  11:02  Marine x2  
  124  11:06  Marine  
  124  11:07  Widow Mine x2  
  109  11:21  Marine  
  103  11:26  Marine  
  103  11:27  Marine x7  
  103  11:28  Marine x3  
  114  11:39  Marine  

Tags
 
Add a new tag
Caveats
  • Supply blocks, unpowered buildings, or Contaminate may cause inaccurate times.
  • Supply counts are checked every 10 seconds.